 Dungeon Crawl Stone Soup version 0.20.0-15-g7f486f2 (webtiles) character file.

223 dvd the Magician (level 5, 0/28 HPs)
             Began as a Deep Elf Fire Elementalist on June 14, 2017.
             Slain by a gnoll
             ... wielding a +0 halberd
              (16 damage)
             ... on level 2 of the Dungeon.
             The game lasted 00:03:19 (1433 turns).

dvd the Magician (Deep Elf Fire Elementalist)       Turns: 1433, Time: 00:03:19

Health: 0/28       AC:  2    Str:  5    XL:     5   Next: 66%
Magic:  4/14       EV: 13    Int: 21    God:
Gold:   27         SH:  0    Dex: 15    Spells: 7/14 levels left

rFire    . . .     SeeInvis .   h - -2 dagger (curse)
rCold    . . .     Gourm    .   (no shield)
rNeg     . . .     Faith    .   a - +0 robe
rPois    .         Spirit   .   (no helmet)
rElec    .         Reflect  .   (no cloak)
rCorr    .         Harm     .   (no gloves)
MR       .....                  (no boots)
Stlth    ++........             (no amulet)
Regen    0.1/turn               (no ring)
MPRegen  0.2/turn               (no ring)

@: very slightly contaminated
A: no striking features
a: no special abilities


You were on level 2 of the Dungeon.
You were hungry.

You visited 1 branch of the dungeon, and saw 2 of its levels.

You collected 27 gold pieces.

Inventory:

Hand Weapons
 h - a cursed -2 dagger (weapon)
Armour
 a - a +0 robe (worn)
Jewellery
 d - an uncursed amulet of guardian spirit
 j - an uncursed amulet of faith
Wands
 l - a wand of flame (27/48)
Scrolls
 e - a scroll of remove curse {unknown}
 g - a scroll of identify {unknown}
 i - a scroll of enchant armour {unknown}
 n - a scroll of teleportation {unknown}
Potions
 k - a potion of curing {unknown}
 m - a potion of flight {unknown}
Books
 b - a book of Flames

   Spells                             Type                      Level
   a - Flame Tongue                   Conjuration/Fire             1
   b - Throw Flame                    Conjuration/Fire             2
   c - Conjure Flame                  Conjuration/Fire             3
   d - Inner Flame                    Hexes/Fire                   3
   e - Sticky Flame                   Conjuration/Fire             4
   f - Fireball                       Conjuration/Fire             5
Comestibles
 c - 2 bread rations
 f - 3 chunks of flesh


   Skills:
 + Level 3.1 Dodging
 + Level 3.3 Stealth
 + Level 5.1 Spellcasting
 + Level 2.2 Conjurations
 + Level 5.0 Fire Magic


You had 7 spell levels left.
You knew the following spells:

 Your Spells              Type           Power        Failure   Level  Hunger
a - Flame Tongue          Conj/Fire      ###..        2%          1    None
b - Throw Flame           Conj/Fire      ###...       3%          2    None
c - Sticky Flame          Conj/Fire      ###.....     24%         4    ####...


Dungeon Overview and Level Annotations

Branches:
Dungeon (2/15)

Altars:
Yredelemnul

Annotations:
D:2 1 runed door


Message History

The gnoll is severely wounded.
The gnoll barely misses you. The gnoll hits you with a halberd!
Casting: Flame Tongue
Confirm with . or Enter, or press ? or * to list all spells.
Aiming: Throw Flame
Press: ? - help, Shift-Dir - straight line, f/p - gnoll
Aim: a gnoll, wielding a halberd (heavily wounded)
Okay, then.
Unknown command.
Casting: Throw Flame
Confirm with . or Enter, or press ? or * to list all spells.
Aiming: Sticky Flame
Press: ? - help, Shift-Dir - straight line, f/p - gnoll
Aim: a gnoll, wielding a halberd (heavily wounded)
You miscast Sticky Flame.
You smell smoke.
You are feeling hungry.
The gnoll hits you with a halberd!
Ouch! That really hurt!
You die...

###...............#.##.......#
+p#..##.########..#.####.<...#
###..##.# #..#.# #.....#
.....##.# #..#.# #####.#
........# #..รท.########.####
.....#### #.................
.....# #................#
###### #..#......###....#
#@.######.# #....#
......g.........# ######
..........####### ............
.############


You could see a gnoll.

Vanquished Creatures
  Sigmund (D:2)
  2 gnolls (D:2)
  2 adders (D:2)
  2 oozes (D:1)
  2 leopard geckos (D:1)
  2 bats
  4 goblins
  3 hobgoblins
  2 frilled lizards
  2 kobolds (D:2)
  3 rats
25 creatures vanquished.

Notes
Turn   | Place    | Note
-------+----------+-------------------------------------------
     0 | D:1      | dvd the Deep Elf Fire Elementalist began the quest for the Orb.
     0 | D:1      | Reached XP level 1. HP: 10/10 MP: 6/6
   265 | D:1      | Reached XP level 2. HP: 15/15 MP: 5/8
   877 | D:2      | Learned a level 2 spell: Throw Flame
   879 | D:2      | Reached XP level 3. HP: 19/19 MP: 7/10
  1208 | D:2      | Noticed Sigmund
  1224 | D:2      | Noticed a human
  1228 | D:2      | Found a runed door.
  1231 | D:2      | Found a basalt altar of Yredelemnul.
  1256 | D:2      | Killed Sigmund
  1256 | D:2      | Reached skill level 5 in Spellcasting
  1256 | D:2      | Reached skill level 5 in Fire Magic
  1256 | D:2      | Reached XP level 4. HP: 17/24 MP: 5/13
  1256 | D:2      | Reached XP level 5. HP: 20/28 MP: 5/14
  1346 | D:2      | Learned a level 4 spell: Sticky Flame
  1433 | D:2      | Slain by a gnoll

Skill      XL: |  1  2  3 |
---------------+----------+-----
Stealth        | 3 |  3.3
Fire Magic     | 5 |  5.0
Spellcasting   | 5 |  5.1
Dodging        | 3 |  3.1
Conjurations   | 2 |  2.2

Action                   |  1- 3 |  4- 6 || total
-------------------------+-------+-------++-------
 Cast: Flame Tongue      |    42 |     6 ||    48
       Throw Flame       |       |     1 ||     1
  Eat: Chunk             |     1 |       ||     1
Armor: Robe              |     2 |       ||     2
Dodge: Dodged            |    11 |     2 ||    13
